 Dungeon Crawl Stone Soup version 0.22.1-1-ga44c0e5 (webtiles) character file.

105 HoaS the Twirler (level 5, -3/42 HPs)
             Began as a Formicid Fighter on Oct 16, 2018.
             Shot with an arrow by a centaur (9 damage)
             ... on level 3 of the Dungeon.
             The game lasted 00:07:38 (1412 turns).

HoaS the Twirler (Formicid Fighter)                 Turns: 1412, Time: 00:07:39

Health: -3/42      AC: 12    Str: 22    XL:     5   Next: 8%
Magic:  5/5        EV:  4    Int:  7    God:
Gold:   127        SH:  9    Dex: 10    Spells: 4/4 levels left

rFire    . . .     SeeInvis +   a - +0 quarterstaff
rCold    . . .     Gourm    .   c - +0 shield
rNeg     . . .     Faith    .   h - +1 plate armour
rPois    .         Spirit   .   (helmet unavailable)
rElec    .         Reflect  .   (no cloak)
rCorr    .         Harm     .   (no gloves)
MR       .....                  (no boots)
Stlth    ..........             (no amulet)
HPRegen  0.14/turn              (no ring)
MPRegen  0.09/turn              (no ring)

@: no status effects
A: permanent stasis, dig shafts and tunnels, four strong arms, antennae 3
a: Dig, Shaft Self


You were on level 3 of the Dungeon.
You were not hungry.

You visited 1 branch of the dungeon, and saw 3 of its levels.

You collected 127 gold pieces.

Inventory:

Hand Weapons
 a - a +0 quarterstaff (weapon)
Armour
 b - a +0 scale mail
 c - a +0 shield (worn)
 h - a +1 plate armour (worn)
Jewellery
 k - an uncursed ring of protection from magic {unknown}
 m - a cursed ring of teleportation
Potions
 d - 2 potions of might
 e - a potion of degeneration {unknown}
 j - 2 potions of curing {unknown}
 l - a potion of brilliance {unknown}
Comestibles
 f - 3 rations
 g - 5 chunks of flesh


   Skills:
 * Level 3.9 Fighting
 * Level 4.0 Staves
 + Level 3.7 Armour
 + Level 3.7 Shields


You had 4 spell levels left.
You didn't know any spells.
Your spell library was empty.

Dungeon Overview and Level Annotations

Branches:
Dungeon (3/15)

Altars:
Elyvilon
Xom


Innate Abilities, Weirdness & Mutations

You cannot be hasted, slowed, berserked, paralysed or teleported.
You can dig through walls and to a lower floor.
Your four strong arms can wield two-handed weapons with a shield.
You have a pair of large antennae on your head. (SInv)


Message History

The goblin shoots a stone.
The stone completely misses you.
The centaur shoots an arrow.
The arrow hits you but does no damage.
Things that are here:
an arrow; a ring mail The centaur shoots an arrow.
The arrow hits you.
The goblin shoots a stone.
You block the stone.
Things that are here:
a stone; an arrow The centaur shoots an arrow.
You block the arrow.
You see here an arrow.
The centaur shoots an arrow.
You block the arrow.
You see here an arrow.
The centaur shoots an arrow.
The arrow hits you.
You see here an arrow.
The centaur shoots an arrow.
The arrow hits you.
* * * LOW HITPOINT WARNING * * *
You see here an arrow.
The goblin shoots a stone.
You block the stone.
The centaur shoots an arrow.
The arrow hits you!
You die...

#....#(.(..#.....#
+.......(..........
#.................#
#.......g.(.......#
#.......c.........#
#.......(.........#
#........(..(.....#
#####.....(K......#
#......@......#
#.............#
#.[...........#
##########..##.#
#.# ##.##.# ..#
#.##.# #.# #..#.#
#.# # { ##.#.#
#.#.# #...#


You could see a centaur, a goblin and a kobold.

Vanquished Creatures
  4 adders (D:2)
  An ooze (D:1)
  A dart slug (D:1)
  4 leopard geckos (D:1)
  A giant cockroach (D:1)
  5 goblins
  5 hobgoblins
  9 jackals
  2 ball pythons
  6 bats
  3 frilled lizards
  9 kobolds
  8 rats
  A plant (D:1)
59 creatures vanquished.

Notes
Turn   | Place    | Note
-------+----------+-------------------------------------------
     0 | D:1      | HoaS the Formicid Fighter began the quest for the Orb.
     0 | D:1      | Reached XP level 1. HP: 18/18 MP: 1/1
    34 | D:1      | Reached XP level 2. HP: 19/24 MP: 2/2
   297 | D:1      | Reached skill level 3 in Staves
   441 | D:1      | Reached XP level 3. HP: 29/29 MP: 3/3
   857 | D:2      | Reached XP level 4. HP: 33/36 MP: 4/4
  1086 | D:2      | Found a shimmering altar of Xom.
  1169 | D:2      | Found a faded altar of an unknown god.
  1290 | D:3      | Reached XP level 5. HP: 42/42 MP: 5/5
  1385 | D:3      | Found a white marble altar of Elyvilon.
  1387 | D:3      | Noticed a centaur
  1394 | D:3      | Reached skill level 4 in Staves
  1412 | D:3      | Shot with an arrow by a centaur

Skill      XL: |  1  2  3  4  5 |
---------------+----------------+-----
Staves         | 3 4 |  4.0
Fighting       | |  3.9
Armour         | |  3.7
Shields        | |  3.7

Action                   |  1- 3 |  4- 6 || total
-------------------------+-------+-------++-------
Melee: Quarterstaff      |   108 |    86 ||   194
  Use: Scroll            |     3 |     3 ||     6
  Eat: Chunk             |       |     2 ||     2
Armor: Scale mail        |    32 |     3 ||    35
       Plate armour      |       |    50 ||    50
Dodge: Dodged            |    28 |    23 ||    51
Block: Shield            |    55 |    52 ||   107
